 Dungeon Crawl Stone Soup version 0.18-a0-1304-g6d2dd1f (webtiles) character file.

37 Wallaby3 the Skirmisher (level 3, -5/37 HPs)
             Began as an Ogre Enchanter on Feb 12, 2016.
             Slain by a goblin
             ... wielding a +0 club
              (7 damage)
             ... on level 2 of the Dungeon.
             The game lasted 00:04:23 (1812 turns).

Wallaby3 the Skirmisher (Ogre Enchanter)            Turns: 1812, Time: 00:04:23

Health: -5/37      AC:  4    Str: 14    XL:     3   Next: 39%
Magic:  3/6        EV: 10    Int: 14    God:
Gold:   33         SH:  0    Dex: 10    Spells: 3 memorised, 0 levels left

rFire  . . .     SeeInvis .     e - +0 club
rCold  . . .     Gourm    .     b - +1 robe
rNeg   . . .     Faith    .     (no shield)
rPois  .         Spirit   .     (helmet restricted)
rElec  .         Dismiss  .     (no cloak)
rCorr  .         Reflect  .     (gloves unavailable)
SustAt .         Harm     .     (boots unavailable)
MR     .....                    (no amulet)
Stlth  ++........               (no ring)
                                (no ring)

@: not resistant to hostile enchantments, unstealthy
A: unfitting armour, tough skin 1
a: no special abilities


You were on level 2 of the Dungeon.
You were not hungry.

You visited 1 branch of the dungeon, and saw 2 of its levels.

You collected 33 gold pieces.

Inventory:

Hand Weapons
 a - a +1 dagger
 e - a +0 club (weapon)
Armour
 b - a +1 robe (worn)
Jewellery
 h - an uncursed amulet of guardian spirit {unknown}
 i - an uncursed ring of positive energy {unknown}
Scrolls
 g - 3 scrolls of identify {unknown}
 j - 2 scrolls of remove curse {unknown}
 k - a scroll of recharging {unknown}
 l - a scroll of fear {unknown}
 p - a scroll of enchant armour {unknown}
Potions
 f - a potion of heal wounds {unknown}
 m - a potion of haste {unknown}
 n - a potion of lignification {unknown}
Books
 c - a book of Maledictions

   Spells                             Type                      Level
   a - Corona                         Hexes                        1
   b - Ensorcelled Hibernation        Hexes/Ice                    2
   c - Confuse                        Hexes                        3
   d - Tukima's Dance                 Hexes                        3
   e - Dazzling Spray                 Conjuration/Hexes            3
Comestibles
 d - a bread ration
 o - 4 chunks of flesh


   Skills:
 - Level 3.1 Fighting
 - Level 0.5 Short Blades
 + Level 2.1 Maces & Flails
 - Level 1.7 Dodging
 - Level 2.4 Stealth
 - Level 2.4 Spellcasting
 - Level 2.1 Hexes


You couldn't memorise any spells.
You knew the following spells:

 Your Spells              Type           Power        Failure   Level  Hunger
a - Corona                Hex            #......      12%         1    #......
b - Ensorcelled Hibernat  Hex/Ice        #.....       24%         2    ###....
c - Confuse               Hex            #.......     30%         3    ###....


Dungeon Overview and Level Annotations

Branches:
Dungeon (2/15)

Altars:


Innate Abilities, Weirdness & Mutations

You are too large for most types of armour.
You have tough skin (AC +1).


Message History

You are too injured to fight recklessly!
You completely miss the goblin. The goblin barely misses you.
You barely miss the goblin. The goblin barely misses you.
You barely miss the goblin. The goblin hits you with a club.
* * * LOW HITPOINT WARNING * * *
You hit the goblin.
The goblin is moderately wounded.
The goblin hits you with a club.
* * * LOW HITPOINT WARNING * * *
You hit the goblin.
The goblin is severely wounded.
The goblin hits you with a club.
* * * LOW HITPOINT WARNING * * *
You closely miss the goblin.
The goblin is severely wounded.
The goblin misses you.
You barely miss the goblin.
The goblin is severely wounded.
The goblin hits you with a club!
You die...

......<.........
...............#
........)...g..#
.(......#
...>....#
....#...# .##
#...# #
#...#######.# .
#.####.(g@).<..(..
#........#########
#####..## #..# ##
#..# ..
#..######.#
#.........####
##.##.........
##.##.########


You could see a goblin.

Vanquished Creatures
  An adder (D:2)
  A giant gecko (D:1)
  2 giant cockroaches
  2 goblins
  5 hobgoblins
  4 bats
  4 giant newts (D:1)
  4 kobolds
  4 rats
27 creatures vanquished.

Notes
Turn   | Place    | Note
--------------------------------------------------------------
     0 | D:1      | Wallaby3 the Ogre Enchanter began the quest for the Orb.
     0 | D:1      | Reached XP level 1. HP: 16/16 MP: 3/3
    28 | D:1      | Reached skill level 1 in Fighting
   388 | D:1      | Reached XP level 2. HP: 25/28 MP: 5/5
  1081 | D:1      | Reached skill level 3 in Fighting
  1392 | D:2      | Found a faded altar to an unknown god.
  1404 | D:2      | Reached skill level 1 in Maces & Flails
  1404 | D:2      | Reached XP level 3. HP: 20/37 MP: 2/6
  1606 | D:2      | Learned a level 2 spell: Ensorcelled Hibernation
  1610 | D:2      | Learned a level 3 spell: Confuse
  1812 | D:2      | Slain by a goblin

Vault maps used:
D:1:      nicolae_arrival_memento_mori, monster_avoids_cloud
D:2:      gammafunk_temple_overflow_elements, ecumenical_altar_1

Action                   || total
-------------------------++-------
Melee: Club              ||   132
       Dagger            ||     7
 Cast: Corona            ||    10
       Confuse           ||     1
 Stab: Sleeping          ||     3
  Eat: Chunk             ||     3
